 Dungeon Crawl Stone Soup version 0.24.1 (webtiles) character file.

Game seed: 1873923404571216821, levelgen mode: deterministic

1262 bulhaenghada the Covered (level 8, -6/64 HPs)
             Began as a Formicid Fighter on Mar 27, 2020.
             Mangled by an orc warrior
             ... wielding a cursed -1 flail
              (10 damage)
             ... on level 7 of the Dungeon.
             The game lasted 00:08:57 (6063 turns).

bulhaenghada the Covered (Formicid Fighter)         Turns: 6063, Time: 00:08:57

Health: -6/64      AC:  9    Str: 22    XL:     8   Next: 81%
Magic:  17/17      EV:  6    Int:  9    God:
Gold:   257        SH:  0    Dex: 12    Spells: 7/7 levels left

rFire    . . .     SeeInvis +   n - +2 dagger of Eniys {venom, rPois rN+ Dex+2} (curse)
rCold    . . .     Gourm    .   c - +0 shield
rNeg     + . .     Faith    .   r - +0 chain mail
rPois    +         Spirit   .   (helmet unavailable)
rElec    .         Reflect  +   m - +0 cloak
rCorr    .         Harm     .   x - +0 pair of gloves
MR       .....     Clarity  +   (no boots)
Stlth    ..........             F - +4 amulet of reflection
HPRegen  0.20/turn              k - ring of magical power
MPRegen  0.15/turn              s - ring of poison resistance

@: confused
A: permanent stasis, dig shafts and tunnels, four strong arms, antennae 3, large
bone plates 1, clarity, deformed body, deterioration 1
a: Dig, Shaft Self


You were on level 7 of the Dungeon.
You were not hungry.

You visited 1 branch of the dungeon, and saw 7 of its levels.

You collected 372 gold pieces.
You spent 115 gold pieces at shops.

Inventory:

Hand Weapons
 a - a +0 flail
 n - the cursed +2 dagger of Eniys (weapon) {venom, rPois rN+ Dex+2}
   (You found it on level 4 of the Dungeon)

   It poisons the flesh of those it strikes.
   It affects your dexterity (+2).
   It protects you from poison.
   It protects you from negative energy.
   It has a curse placed upon it.
Missiles
 l - 6 curare-tipped darts (quivered)
 y - 3 datura-tipped darts
 B - 6 poisoned darts
 D - 4 atropa-tipped darts
Armour
 b - a +0 scale mail
 c - a +0 shield (worn)
 m - a +0 cloak (worn)
 r - a +0 chain mail (worn)
 x - a +0 pair of gloves (worn)
Jewellery
 k - a ring of magical power (left hand)
 s - a ring of poison resistance (right hand)
 F - a +4 amulet of reflection (around neck)
Wands
 w - a wand of flame (18)
 H - a wand of polymorph (12)
Scrolls
 h - a scroll of noise {unknown}
 i - 4 scrolls of fog {unknown}
 j - a scroll of enchant weapon {unknown}
 p - 5 scrolls of teleportation {unknown}
 q - 3 scrolls of blinking {unknown}
 t - 3 scrolls of identify {unknown}
 u - 2 scrolls of enchant armour {unknown}
 v - 2 scrolls of amnesia {unknown}
 A - 5 scrolls of remove curse {unknown}
 G - a scroll of holy word {unknown}
Potions
 d - 2 potions of might
 g - a potion of degeneration {unknown}
 o - a potion of cancellation {unknown}
 z - a potion of invisibility {unknown}
 C - a potion of mutation
 E - a potion of heal wounds {unknown}
 J - a potion of agility {unknown}
Comestibles
 f - 9 rations
 I - 4 chunks of flesh


   Skills:
 + Level 6.1 Fighting
 + Level 0.1 Short Blades
 - Level 6.0 Maces & Flails
 + Level 7.9 Armour
 - Level 0.4 Dodging
 - Level 1.0 Stealth
 + Level 3.6 Shields


You had 7 spell levels left.
You didn't know any spells.
Your spell library was empty.

Dungeon Overview and Level Annotations

Branches:
Dungeon (7/15)
 Temple: D:4-7

Altars:
Yredelemnul

Shops:
D:7 *=

Annotations:
D:6 1 runed translucent door


Innate Abilities, Weirdness & Mutations

You cannot be hasted, slowed, berserked, paralysed or teleported.
You can dig through walls and to a lower floor.
Your four strong arms can wield two-handed weapons with a shield.
You have a pair of large antennae on your head. (SInv)
You are partially covered in large bone plates. (SH +4)
You possess an exceptional clarity of mind.
Armour fits poorly on your strangely shaped body.
Your body sometimes deteriorates upon taking damage.


Message History

The orc wizard is lightly wounded.
The orc warrior hits you with a cursed -1 flail!
* * * LOW HITPOINT WARNING * * *
The orc hits you but does no damage.
The orc wizard hits you but does no damage.
The orc warrior barely misses you.
Found a scroll labeled ICU ADUEDULE.
It was a potion of mutation.
You feel extremely strange.
You feel yourself wasting away.
Your body twists and deforms.
Large bone plates grow over parts of your arms.
Your thoughts seem clearer.
The orc warrior hits you with a cursed -1 flail.
* * * LOW HITPOINT WARNING * * *
The orc hits you but does no damage.
The orc wizard hits you but does no damage.
It was a potion of magic.
Magic courses through your body.
The orc wizard hits you but does no damage.
The orc barely misses you.
The orc warrior hits you with a cursed -1 flail!
You die...

#..###.............
.#####.##
#..∩.........<
....##.#
##............
###....#
#...........#
###..###
###...##...##
.....## #..## ####
.##...########(.##
###..........o.#
#####......o@#
#.....>o.#
#...####..# ##..#
##.# #.)# ..# #).#
#.# #..# .# #..# ?#
%..#


You could see an orc warrior, an orc wizard (invisible) and an orc.

Vanquished Creatures
  A hippogriff (D:7)
  A phantom (D:4)
  A big kobold (D:5)
  A bullfrog (D:6)
  2 scorpions
  A quasit (D:5)
  4 hounds
  A jelly (D:6)
  A centaur skeleton (D:4)
  5 orc priests
  2 iguanas
  A human skeleton (D:6)
  An orc wizard (D:6)
  5 worker ants
  3 worker ant zombies
  4 gnolls (D:4)
  2 adders (D:6)
  2 adder skeletons (D:6)
  3 worms
  6 leopard geckos
  20 orcs
  2 giant cockroaches
  4 goblins
  5 hobgoblins
  3 jackals (D:6)
  2 quokkas
  2 ball pythons
  5 bats
  A goblin zombie (D:6)
  10 kobolds
  A kobold zombie (D:6)
  A leopard gecko skeleton (D:6)
  A quokka zombie (D:6)
  7 rats
111 creatures vanquished.

Vanquished Creatures (others)
  2 plants (D:5)
2 creatures vanquished.

Grand Total: 113 creatures vanquished

Notes
Turn   | Place    | Note
-------+----------+-------------------------------------------
     0 | D:1      | bulhaenghada the Formicid Fighter began the quest for the
                  | Orb.
     0 | D:1      | Reached XP level 1. HP: 18/18 MP: 1/1
   216 | D:1      | Reached XP level 2. HP: 24/24 MP: 2/2
  1164 | D:2      | Reached XP level 3. HP: 26/29 MP: 3/3
  1214 | D:2      | Reached skill level 4 in Armour
  2224 | D:4      | Noticed a scorpion
  2231 | D:4      | Killed a scorpion
  2231 | D:4      | Reached XP level 4. HP: 37/37 MP: 4/4
  2266 | D:4      | Noticed a phantom
  2271 | D:4      | Reached XP level 5. HP: 41/42 MP: 5/5
  2301 | D:4      | Killed a phantom
  2301 | D:4      | Reached skill level 1 in Stealth
  2301 | D:4      | Reached XP level 6. HP: 37/48 MP: 6/6
  2402 | D:4      | Reached skill level 5 in Armour
  2816 | D:4      | Got a brightly glowing dagger
  2817 | D:4      | Identified the cursed +2 dagger of Eniys {venom, rPois rN+
                  | Dex+2} (You found it on level 4 of the Dungeon)
  3118 | D:5      | Entered Level 5 of the Dungeon
  3138 | D:5      | Reached XP level 7. HP: 49/55 MP: 7/7
  3477 | D:5      | Reached skill level 5 in Maces & Flails
  3878 | D:5      | Reached skill level 6 in Armour
  4337 | D:6      | Reached skill level 5 in Fighting
  4337 | D:6      | Reached XP level 8. HP: 62/62 MP: 8/8
  5325 | D:6      | Found a runed translucent door.
  5325 | D:6      | Noticed a human
  5346 | D:6      | Reached skill level 7 in Armour
  5349 | D:6      | Found a basalt altar of Yredelemnul.
  5832 | D:7      | Found Toghodgh's Assorted Antiques.
  5847 | D:7      | Bought a dented soapstone amulet for 115 gold pieces
  5882 | D:7      | Found Cyblufoh's Jewellery Shoppe.
  5887 | D:7      | Noticed a hippogriff
  5900 | D:7      | Killed a hippogriff
  6062 | D:7      | Gained mutation: Your body sometimes deteriorates upon
                  | taking damage. [potion of mutation]
  6062 | D:7      | Gained mutation: Armour fits poorly on your strangely
                  | shaped body. [potion of mutation]
  6062 | D:7      | Gained mutation: You are partially covered in large bone
                  | plates. (SH +4) [potion of mutation]
  6062 | D:7      | Gained mutation: You possess an exceptional clarity of
                  | mind. [potion of mutation]
  6063 | D:7      | Mangled by an orc warrior

Levels and vault maps discovered:
D:1:      noname_arrival_rooms_in_the_neighbourhood, layout_basic,
          patterned_corridor
D:2:      layout_loops_ring, first_ration, st_stairs_6
D:3:      layout_basic, kennysheep_generic_room_8
D:4:      layout_loops_ring
D:5:      minmay_angry_zag, layout_basic, lexackson_kobold_supper
D:6:      layout_gridville, dk_yredelemnul_ordeal
D:7:      layout_rooms, minmay_temple_entry_mist, serial_shops, shop, shop,
          ebering_ghost_inner_flame, grunt_ogre_cave

Skill      XL: |  1  2  3  4  5  6  7  8 |
---------------+-------------------------+-----
Armour         | 4 5 6 7 |  7.9
Maces & Flails | 3 4 5 6 |  6.0
Fighting       | 4 5 6 |  6.1
Stealth        | 1 |  1.0
Short Blades   | |  0.1
Dodging        | |  0.4
Shields        | |  3.6

Action                   |  1- 3 |  4- 6 |  7- 9 || total
-------------------------+-------+-------+-------++-------
Melee: Flail             |   141 |    77 |       ||   218
       Dagger            |       |     9 |   319 ||   328
  Use: Potion            |       |       |     2 ||     2
  Eat: Chunk             |     4 |     3 |    10 ||    17
Armor: Scale mail        |    26 |       |       ||    26
       Chain mail        |    49 |    46 |   187 ||   282
Dodge: Dodged            |    34 |    23 |    89 ||   146
Block: Shield            |    72 |    33 |   166 ||   271
